 Dungeon Crawl Stone Soup version 0.24-a0-7-g1bb0902 (webtiles) character file.

Game seed: 9415406040162178410

6165 Lanoc the Blocker (level 10, 0/82 HPs)
             Began as a Gnoll Fighter on Jan 30, 2019.
             Was a Follower of Uskayaw.
             Slain by a hornet (11 damage)
             ... on level 10 of the Dungeon.
             The game lasted 00:22:32 (7857 turns).

Lanoc the Blocker (Gnoll Fighter)                   Turns: 7857, Time: 00:22:32

Health: 0/82       AC: 17    Str: 20    XL:     10   Next: 90%
Magic:  16/16      EV:  8    Int: 11    God:    Uskayaw [*.....]
Gold:   428        SH: 13    Dex: 16    Spells: 20/20 levels left

rFire    . . .     SeeInvis .   t - +3 scimitar (flame)
rCold    + . .     Gourm    .   c - +1 shield
rNeg     . . .     Faith    .   h - +0 plate armour
rPois    .         Spirit   .   b - +2 helmet
rElec    .         Reflect  .   (no cloak)
rCorr    .         Harm     .   (no gloves)
MR       .....                  (no boots)
Stlth    ..........             (no amulet)
HPRegen  0.23/turn              j - ring of protection from cold
MPRegen  0.15/turn              o - ring of wizardry

@: lethally poisoned (0 -> -1), slowed, very slow
A: distributed training, fangs 1, low mp 1, MP-powered wands, strong nose
a: Stomp, Renounce Religion


You were on level 10 of the Dungeon.
You worshipped Uskayaw.
Uskayaw was noncommittal.
You were very hungry.

You visited 1 branch of the dungeon, and saw 9 of its levels.
You also visited: Sewer and Ossuary.

You collected 428 gold pieces.

Inventory:

Hand Weapons
 t - a +3 scimitar of flaming (weapon)
 C - the +1 dagger of the Unspeakable One {speed, Stlth+}
   (You found it on level 10 of the Dungeon)

   Attacks with this weapon are significantly faster.
   It makes you more stealthy.
Missiles
 n - 160 arrows
 r - 100 bolts
Armour
 b - a +2 helmet (worn)
 c - a +1 shield (worn)
 h - a +0 plate armour (worn)
Jewellery
 j - a ring of protection from cold (left hand)
 o - a ring of wizardry (right hand)
Wands
 a - a wand of polymorph (8)
 u - a wand of disintegration (2)
 y - a wand of flame (13)
Scrolls
 k - 8 scrolls of teleportation
 l - 2 scrolls of amnesia
 m - 6 scrolls of remove curse
 p - 4 scrolls of enchant weapon
 q - 3 scrolls of enchant armour
 x - a scroll of fog {unknown}
 A - a scroll of magic mapping
 D - a scroll of immolation {unknown}
Potions
 d - 2 potions of might
 e - 2 potions of brilliance
 g - 2 potions of heal wounds
 i - a potion of agility
 s - 2 potions of lignification
 v - 2 potions of haste
 w - 3 potions of flight
 z - 2 potions of mutation
Comestibles
 f - 17 rations


   Skills:
 + Level 8.7 Fighting
 + Level 5.6 Short Blades
 + Level 7.3 Long Blades
 + Level 5.6 Axes
 + Level 5.6 Maces & Flails
 + Level 5.6 Polearms
 + Level 5.6 Staves
 + Level 5.6 Slings
 + Level 5.6 Bows
 + Level 5.6 Crossbows
 + Level 5.6 Throwing
 + Level 8.7 Armour
 + Level 5.6 Dodging
 + Level 5.6 Stealth
 + Level 8.7 Shields
 + Level 5.6 Unarmed Combat
 + Level 5.6 Spellcasting
 + Level 4.6 Conjurations
 + Level 4.6 Hexes
 + Level 4.6 Charms
 + Level 4.6 Summonings
 + Level 4.6 Necromancy
 + Level 4.6 Translocations
 + Level 4.6 Transmutations
 + Level 4.6 Fire Magic
 + Level 4.6 Ice Magic
 + Level 4.6 Air Magic
 + Level 4.6 Earth Magic
 + Level 4.6 Poison Magic
 + Level 6.1 Invocations
 + Level 5.6 Evocations


You had 20 spell levels left.
You didn't know any spells.
Your spell library contained the following spells:

 Spells                   Type           Power        Failure   Level  Hunger
 Beastly Appendage        Tmut           ##....       45%         1    None
 Sticks to Snakes         Tmut           ##......     58%         2    ##.....
 Spider Form              Tmut/Pois      ##........   80%         3    ###....
 Ice Form                 Ice/Tmut       ##......     99%         4    ####...
 Blade Hands              Tmut           ##........   100%        5    ######.


Dungeon Overview and Level Annotations

Branches:
Dungeon (10/15)              Lair (0/6) D:10            Orc (0/2) D:9
 Temple: D:4-7

Altars:
Cheibriados
Elyvilon
Gozag
Hepliaklqana
Nemelex Xobeh
Okawaru
Qazlal
Trog
Uskayaw
Xom
The Shining One


Innate Abilities, Weirdness & Mutations

Your experience applies equally to all skills.
You have very sharp teeth.
Your uncanny sense of smell can sniff out nearby items.
Your magical capacity is low. (-10% MP)
You expend magic power (3 MP) to strengthen your wands.


Message History

You feel as though you will be slow longer.
You closely miss the hornet.
The hornet is lightly wounded.
You feel sick.
The hornet stings you but does no damage.
You block the hornet's attack.
You hit the hornet. You burn the hornet.
The hornet is moderately wounded.
You feel sick. The hornet stings you.
* * * LOW HITPOINT WARNING * * *
You feel as though you will be slow longer.
The hornet stings you but does no damage.
You block the hornet's attack.
You hit the hornet. You burn the hornet. You bite the hornet.
The hornet is moderately wounded.
You block the hornet's attack. x2
You closely miss the hornet. You bite the hornet, but do no damage.
The hornet is moderately wounded.
You feel sick. The hornet stings you!
You die...

#.# #.# ≈≈ #########.#
≈≈≈ #.........# ###P≈≈
#.....'.### ######...≈..
#.....#.#####.....>.....
#.....#....##<.......#
#.....####..'........#
#.....# ####..=@y...#
#.....# #..).....#
#.....# #........#
#.....# ######+###
##'#### #.# #.# #.# #.#


You could see a hornet.

Vanquished Creatures
  Erica (D:8)
  A two-headed ogre (D:8)
  2 trolls
  Prince Ribbit (D:5)
  A spriggan (D:9)
  4 yaks (D:9)
  Menkaure (Ossuary)
  A soldier ant (D:10)
  6 porcupines (D:10)
  3 orc warriors
  2 sky beasts (D:9)
  2 ice beasts
  An eye of draining (D:10)
  2 ogres (D:5)
  3 centaurs
  A crocodile (Sewer)
  3 bullfrogs (D:10)
  A scorpion (D:5)
  A water moccasin skeleton (D:5)
  3 killer bees (D:8)
  3 crimson imps
  A quasit (D:5)
  4 hounds
  A centaur skeleton (D:10)
  A jelly (D:5)
  3 orc priests
  A bullfrog skeleton (D:5)
  3 orc wizards
  Ijyb (D:3)
  2 iguanas
  4 worker ants
  A killer bee zombie (D:8)
  2 hound skeletons (D:5)
  3 mummies (Ossuary)
  2 worker ant zombies
  Robin (D:3)
  7 adders
  A shadow imp (D:5)
  3 oozes
  An adder zombie (D:5)
  An adder skeleton (D:8)
  4 worms
  3 dart slugs
  3 leopard geckos
  22 orcs
  9 giant cockroaches
  16 goblins
  10 hobgoblins
  9 jackals
  3 quokkas
  A ball python (D:2)
  10 bats
  8 frilled lizards
  A giant cockroach zombie (D:5)
  2 gnoll skeletons (Ossuary)
  6 gnoll zombies (Ossuary)
  6 goblin skeletons (Ossuary)
  4 goblin zombies
  6 hobgoblin skeletons (Ossuary)
  4 hobgoblin zombies (Ossuary)
  A jackal zombie (D:8)
  17 kobolds
  2 kobold skeletons (Ossuary)
  3 kobold zombies (Ossuary)
  A leopard gecko zombie (D:5)
  3 orc skeletons (Ossuary)
  3 orc zombies (Ossuary)
  5 rats
  4 rat skeletons (Ossuary)
  6 rat zombies (Ossuary)
  A fungus (D:10)
259 creatures vanquished.

Vanquished Creatures (others)
  A kobold skeleton (Ossuary)
  An orc skeleton (Ossuary)
  6 fungi (D:10)
  A plant (D:5)
9 creatures vanquished.

Grand Total: 268 creatures vanquished

Notes
Turn   | Place    | Note
-------+----------+-------------------------------------------
     0 | D:1      | Lanoc the Gnoll Fighter began the quest for the Orb.
     0 | D:1      | Reached XP level 1. HP: 23/23 MP: 1/1
   191 | D:1      | Reached XP level 2. HP: 24/29 MP: 2/2
   552 | D:1      | Reached XP level 3. HP: 35/35 MP: 3/3
  1241 | D:2      | Reached skill level 1 in Invocations
  1398 | D:2      | Reached skill level 1 in Short Blades
  1398 | D:2      | Reached skill level 1 in Axes
  1398 | D:2      | Reached skill level 1 in Maces & Flails
  1398 | D:2      | Reached skill level 1 in Polearms
  1398 | D:2      | Reached skill level 1 in Staves
  1398 | D:2      | Reached skill level 1 in Slings
  1398 | D:2      | Reached skill level 1 in Bows
  1398 | D:2      | Reached skill level 1 in Crossbows
  1398 | D:2      | Reached skill level 1 in Throwing
  1398 | D:2      | Reached skill level 1 in Dodging
  1398 | D:2      | Reached skill level 1 in Stealth
  1398 | D:2      | Reached skill level 1 in Unarmed Combat
  1398 | D:2      | Reached skill level 1 in Spellcasting
  1398 | D:2      | Reached skill level 1 in Evocations
  1423 | D:2      | Reached XP level 4. HP: 40/41 MP: 5/5
  1943 | D:3      | Noticed Robin
  1953 | D:3      | Reached skill level 1 in Conjurations
  1953 | D:3      | Reached skill level 1 in Hexes
  1953 | D:3      | Reached skill level 1 in Charms
  1953 | D:3      | Reached skill level 1 in Summonings
  1953 | D:3      | Reached skill level 1 in Necromancy
  1953 | D:3      | Reached skill level 1 in Translocations
  1953 | D:3      | Reached skill level 1 in Transmutations
  1953 | D:3      | Reached skill level 1 in Fire Magic
  1953 | D:3      | Reached skill level 1 in Ice Magic
  1953 | D:3      | Reached skill level 1 in Air Magic
  1953 | D:3      | Reached skill level 1 in Earth Magic
  1953 | D:3      | Reached skill level 1 in Poison Magic
  1955 | D:3      | Killed Robin
  2024 | D:3      | Noticed Ijyb
  2031 | D:3      | Killed Ijyb
  2031 | D:3      | Reached XP level 5. HP: 8/47 MP: 5/7
  2823 | D:4      | Found a bloodstained altar of Trog.
  2869 | D:4      | Found a glowing drain.
  2878 | Sewer    | Entered a sewer
  2937 | Sewer    | Noticed a crocodile
  2944 | Sewer    | Killed a crocodile
  2944 | Sewer    | Reached XP level 6. HP: 53/53 MP: 8/8
  3190 | D:5      | Entered Level 5 of the Dungeon
  3204 | D:5      | Reached skill level 5 in Long Blades
  3261 | D:5      | Reached XP level 7. HP: 53/59 MP: 10/10
  3351 | D:5      | Gained mutation: Your magical capacity is low. (-10% MP)
                  | [potion of mutation]
  3351 | D:5      | Gained mutation: Your muscles are strong. (Str +2) [potion
                  | of mutation]
  3351 | D:5      | Lost mutation: Your muscles are strong. (Str +2) [potion of
                  | mutation]
  3351 | D:5      | Gained mutation: You expend magic power (3 MP) to
                  | strengthen your wands. [potion of mutation]
  3366 | D:5      | Noticed Prince Ribbit
  3388 | D:5      | Found an opulent altar of Gozag.
  3397 | D:5      | Found a hazy altar of Hepliaklqana.
  3427 | D:5      | Found a shimmering altar of Xom.
  3435 | D:5      | Found a sparkling altar of Nemelex Xobeh.
  3719 | D:5      | Reached XP level 8. HP: 67/67 MP: 11/11
  3836 | D:5      | Killed Prince Ribbit
  3962 | D:5      | Found a hide-covered altar of Uskayaw.
  4008 | D:5      | Became a worshipper of Uskayaw the Reveler
  4319 | D:5      | Reached * piety under Uskayaw
  4456 | D:6      | You fall through a shaft for 3 floors!
  4528 | D:8      | Reached ** piety under Uskayaw
  4547 | D:8      | Reached *** piety under Uskayaw
  4548 | D:8      | Reached **** piety under Uskayaw
  4720 | D:8      | Found a sand-covered staircase.
  4796 | Ossuary  | Entered an ossuary
  5022 | Ossuary  | Noticed Menkaure
  5030 | Ossuary  | Killed Menkaure
  5139 | D:8      | Reached XP level 9. HP: 69/72 MP: 13/13
  5221 | D:8      | Found a stormy altar of Qazlal.
  5234 | D:8      | Noticed a two-headed ogre
  5243 | D:8      | Killed a two-headed ogre
  5338 | D:8      | Found an iron altar of Okawaru.
  5380 | D:8      | Found a white marble altar of Elyvilon.
  5381 | D:8      | Noticed Erica
  5396 | D:8      | Killed Erica
  5396 | D:8      | Reached skill level 5 in Invocations
  5404 | D:8      | Reached XP level 10. HP: 37/80 MP: 13/15
  5999 | D:9      | HP: 3/80 [yak (11)]
  6003 | D:9      | Reached ***** piety under Uskayaw
  6372 | D:9      | Reached skill level 5 in Short Blades
  6372 | D:9      | Reached skill level 5 in Axes
  6372 | D:9      | Reached skill level 5 in Maces & Flails
  6372 | D:9      | Reached skill level 5 in Polearms
  6372 | D:9      | Reached skill level 5 in Staves
  6372 | D:9      | Reached skill level 5 in Slings
  6372 | D:9      | Reached skill level 5 in Bows
  6372 | D:9      | Reached skill level 5 in Crossbows
  6372 | D:9      | Reached skill level 5 in Throwing
  6372 | D:9      | Reached skill level 5 in Dodging
  6372 | D:9      | Reached skill level 5 in Stealth
  6372 | D:9      | Reached skill level 5 in Unarmed Combat
  6372 | D:9      | Reached skill level 5 in Spellcasting
  6372 | D:9      | Reached skill level 5 in Evocations
  6423 | D:9      | Found a staircase to the Orcish Mines.
  6616 | D:9      | Found a glowing golden altar of the Shining One.
  6907 | D:9      | Found a snail-covered altar of Cheibriados.
  7148 | D:10     | Entered Level 10 of the Dungeon
  7206 | D:10     | Found a staircase to the Lair.
  7741 | D:10     | Got a warped dagger
  7742 | D:10     | Identified the cursed +1 dagger of the Unspeakable One
                  | {speed, Stlth+} (You found it on level 10 of the Dungeon)
  7846 | D:10     | Paralysed by a hornet for 2 turns
  7857 | D:10     | Slain by a hornet

Vault maps used:
D:1:      scummos_arrival_checkerplants, minmay_crystal_water, minmay_ruptured
D:3:      uniq_robin, uniq_ijyb
D:4:      kennysheep_mini, first_ration, portal_sewer_entry_d
D:5:      nicolae_overflow_quartered_altars, basic_altar, serial_bayou,
          serial_bayou_ford_a, serial_bayou_pond_b, serial_bayou_pond_e,
          serial_bayou_shore_b, serial_bayou_lagoon_a, serial_bayou_pond_e,
          nzn_random_ring, uniq_prince_ribbit1
D:6:      serial_shops, nicolae_shop_waterfront, nicolae_shop_crystal,
          minmay_fractal_squares_diagonal_5
D:8:      kennysheep_okawaru_gauntlet, overflow_temple_1_default,
          enter_ossuary_3, elyvilon_altar_1, uniq_erica
D:9:      lemuel_coloured_pillars_altar, kennysheep_little_box, orc_0_dummy,
          the_bakery
D:10:     due_lair_maze_entry_diamond, gammafunk_ghost_cemetery,
          minmay_hedge_maze, chequers_big_river
Sewer:    sewer_the_crocodile
Ossuary:  ossuary_due_pyramid

Skill      XL: |  1  2  3  4  5  6  7  8  9 10 |
---------------+-------------------------------+-----
Invocations    | 1 2 3 4 5 6 |  6.1
Short Blades   | 1 2 3 4 5 |  5.6
Axes           | 1 2 3 4 5 |  5.6
Maces & Flails | 1 2 3 4 5 |  5.6
Polearms       | 1 2 3 4 5 |  5.6
Staves         | 1 2 3 4 5 |  5.6
Slings         | 1 2 3 4 5 |  5.6
Bows           | 1 2 3 4 5 |  5.6
Crossbows      | 1 2 3 4 5 |  5.6
Throwing       | 1 2 3 4 5 |  5.6
Dodging        | 1 2 3 4 5 |  5.6
Stealth        | 1 2 3 4 5 |  5.6
Unarmed Combat | 1 2 3 4 5 |  5.6
Spellcasting   | 1 2 3 4 5 |  5.6
Evocations     | 1 2 3 4 5 |  5.6
Conjurations   | 1 2 3 4 |  4.6
Hexes          | 1 2 3 4 |  4.6
Charms         | 1 2 3 4 |  4.6
Summonings     | 1 2 3 4 |  4.6
Necromancy     | 1 2 3 4 |  4.6
Translocations | 1 2 3 4 |  4.6
Transmutations | 1 2 3 4 |  4.6
Fire Magic     | 1 2 3 4 |  4.6
Ice Magic      | 1 2 3 4 |  4.6
Air Magic      | 1 2 3 4 |  4.6
Earth Magic    | 1 2 3 4 |  4.6
Poison Magic   | 1 2 3 4 |  4.6
Long Blades    | 5 6 7 |  7.3
Fighting       | 7 8 |  8.7
Armour         | 7 8 |  8.7
Shields        | 7 8 |  8.7

Action                   |  1- 3 |  4- 6 |  7- 9 | 10-12 || total
-------------------------+-------+-------+-------+-------++-------
Melee: Long sword        |   102 |    33 |       |       ||   135
       Bite              |     7 |    20 |    47 |    39 ||   113
       Hand axe          |       |   115 |    91 |       ||   206
       Falchion          |       |       |   237 |       ||   237
       Scimitar          |       |       |       |   139 ||   139
       Dagger            |       |       |       |    89 ||    89
Evoke: Wand              |       |       |       |     8 ||     8
  Use: Scroll            |       |     9 |     4 |     5 ||    18
       Potion            |       |       |    10 |     2 ||    12
 Stab: Paralysed         |       |       |    10 |     8 ||    18
  Eat: Chunk             |     1 |     7 |     7 |     4 ||    19
       Ration            |       |       |       |     1 ||     1
Armor: Scale mail        |    20 |       |       |       ||    20
       Plate armour      |    20 |    83 |   133 |    71 ||   307
       Skin              |       |       |    23 |       ||    23
Dodge: Dodged            |    21 |    26 |    84 |    49 ||   180
Block: Shield            |    62 |    87 |   191 |   124 ||   464
       Rpst.: Long sword |     9 |     1 |       |       ||    10
       Falchion          |       |       |    15 |       ||    15
       Scimitar          |       |       |       |    11 ||    11

Table legend:
 A = Non-vault XP
 B = Vault XP
 C = Vault XP percentage of total XP
 D = Non-vault monster count
 E = Vault monster count
 F = Vault count percentage of total count
                 A         B        C        D         E       F
            +---------+---------+-------+---------+---------+-------
      Total |    5191 |    3617 |  41.1 |     149 |     106 |  41.6
            +---------+---------+-------+---------+---------+-------
        D:1 |      34 |       4 |  10.5 |      20 |       3 |  13.0
        D:2 |      49 |       0 |   0.0 |      24 |       0 |   0.0
        D:3 |      61 |      73 |  54.5 |      25 |      13 |  34.2
        D:4 |      61 |      13 |  17.6 |       7 |       1 |  12.5
        D:5 |     481 |     825 |  63.2 |      21 |      20 |  48.8
        D:8 |    1753 |     957 |  35.3 |      23 |       3 |  11.5
        D:9 |    1784 |     220 |  11.0 |      17 |       1 |   5.6
       D:10 |     968 |    1149 |  54.3 |      12 |      10 |  45.5
      Sewer |       0 |     109 | 100.0 |       0 |       6 | 100.0
    Ossuary |       0 |     267 | 100.0 |       0 |      49 | 100.0
            +---------+---------+-------+---------+---------+-------
